cohdb
Replays
Latest Replays
All Replays
Popular Replays
Top Player Replays
Match Explorer
How It Works
Community
CoH3 Stats
Reddit
Sign in to upload your games and track your stats! →
Sign in with Steam
Match 42590551
Unlisted
Match 42590551
Overview
Messages
Build Orders
End
Kradschützen Motorcycle Team
Panzergrenadier Squad
Panzergrenadier Squad
Construct Light Support Kompanie
250 Light Carrier
Assault Grenadier Squad
Assault Mechanized Group
Construct Mechanized Kompanie
Selects Armored Support Battlegroup
8 Rad Armored Car
Selects Vehicle Awareness
Selects Panzer Storm
Fire Support Elements
Selects Veteran Gunners
Pak 38 Mechanized Group
Construct Panzerarmee Kommand
Panzer III L Medium Tank
Selects Stuka Anti-tank Loiter
Assault Mechanized Group
Pak 38 Anti-tank Gun Team
Panzer III L Medium Tank
Panzerpioneer Squad
Selects Flammpanzer III Medium Tank
Panzer III L Medium Tank
2.5-tonne Medical Truck
Stuka Anti-tank Loiter
pagep
7k this year for sure
Darbesky
ItIsRadar
0
0
Comments
sign in to comment!
No comments posted yet!